 Dungeon Crawl Stone Soup version 0.16.0-8-gd9ae3a8 (console) character file.

79068 Fusha the Eclecticist (level 15, 0/96 HPs)
             Began as a High Elf Ice Elementalist on Mar 16, 2015.
             Was the Champion of Sif Muna.
             Killed from afar by a crystal guardian (38 damage)
             ... with a crystal bolt
             ... on level 12 of the Dungeon.
             The game lasted 01:57:39 (22863 turns).

Fusha the Eclecticist (High Elf Ice Elementalist)  Turns: 22863, Time: 01:57:40

Health: 0/96       AC: 23    Str:  7    XL:     15   Next: 20%
Magic:  8/45       EV: 21    Int: 35    God:    Sif Muna [******]
Gold:   1975       SH: 12    Dex: 18    Spells: 12 memorised, 5 levels left

rFire  . . .     SeeInvis .     y - +6 Majin-Bo {vamp, Archmagi MP+6 Int+6}
rCold  + . .     Clarity  .     d - +2 robe {rC+ rF+}
rNeg   . . .     SustAb   .     (no shield)
rPois  .         Gourm    .     G - +2 helmet
rElec  +         Spirit   .     v - +0 cloak (curse)
rCorr  .         Warding  .     a - +1 pair of gloves {archery}
rMut   .         Stasis   .     k - +0 pair of boots
MR     +....                    u - amulet of regeneration
Stlth  ++........               C - ring of wizardry
                                E - ring "Ophejir" {rElec rF- Int+4 Slay+6}

@: icy armour, about to teleport, icy shield, regenerating, somewhat resistant
to hostile enchantments, unstealthy
A: no striking features
a: Channel Energy, Forget Spell, Renounce Religion


You were on level 12 of the Dungeon.
You worshipped Sif Muna.
Sif Muna was exalted by your worship.
You were very full.

You visited 3 branches of the dungeon, and saw 24 of its levels.
You also visited: Volcano.

You collected 2341 gold pieces.
You spent 366 gold pieces at shops.

Inventory:

Hand weapons
 y - the +6 Majin-Bo (weapon) {vamp, Archmagi MP+6 Int+6}
   (You found it on level 4 of the Dungeon)

   It inflicts no extra harm, but heals its wielder somewhat when it strikes a
   living foe.
   It affects your intelligence (+6).
   It affects your magic capacity (+6).
Armour
 a - a +1 pair of gloves of archery (worn)
 d - a +2 robe of resistance (worn)
 k - a +0 pair of boots (worn)
 v - a cursed +0 cloak (worn)
 G - a +2 helmet (worn)
Jewellery
 n - a cursed amulet of resist mutation
 q - an uncursed ring of sustain abilities
 u - an amulet of regeneration (around neck)
 z - an uncursed ring of protection from magic
 C - a ring of wizardry (right hand)
 E - the ring "Ophejir" (left hand) {rElec rF- Int+4 Slay+6}
   (You found it on level 6 of the Dungeon)

   [ring of slaying]

   It affects your intelligence (+4).
   It affects your accuracy and damage with ranged weapons and melee attacks
   (+6).
   It makes you vulnerable to fire.
   It insulates you from electricity.
Magical devices
 b - a wand of slowing (20)
 i - a wand of confusion (35)
 m - a wand of draining (8)
 o - a wand of teleportation (5)
 t - a wand of fire (9)
 I - a wand of fireball (5)
 J - a wand of fire (6)
 K - a wand of disintegration (8)
 M - a wand of random effects (21)
 N - a wand of digging (9)
 O - a wand of cold (2)
 S - a wand of paralysis (12)
 U - a wand of disintegration (21)
 Z - a wand of draining (4)
Scrolls
 e - 8 scrolls of remove curse
 f - 3 scrolls of magic mapping
 r - 2 scrolls of blinking
 w - a scroll of fog
 x - 2 scrolls of vulnerability
 B - 4 scrolls of fear
 L - a scroll of summoning
 Q - 3 scrolls of recharging
 W - 2 scrolls of holy word
Potions
 g - 5 potions of heal wounds
 h - a potion of haste
 j - a potion of invisibility
 l - 2 potions of agility
 p - 13 potions of curing
 s - 3 potions of magic
 A - 2 potions of resistance
 D - 2 potions of brilliance
 F - 4 potions of restore abilities
 R - 2 potions of might
 Y - a potion of cancellation
Books
 P - a book of the Warp

   Spells                             Type                      Level
   a - Recall                         Summoning/Translocation      3
   b - Control Teleport               Charms/Translocation         4
   c - Force Lance                    Conjuration/Translocation    4
   d - Phase Shift                    Translocation                5
   e - Warp Weapon                    Charms/Translocation         5
   f - Gell's Gravitas                Hexes/Translocation          5
   g - Summon Forest                  Summoning/Translocation      5
 T - a book of Necromancy

   Spells                             Type                      Level
   a - Pain                           Necromancy                   1
   b - Animate Skeleton               Necromancy                   1
   c - Vampiric Draining              Necromancy                   3
   d - Regeneration                   Charms/Necromancy            3
   e - Animate Dead                   Necromancy                   4
   f - Control Undead                 Necromancy                   4
 V - Sif Muna's Papyrus of Harmful Cold
   (Sif Muna gifted it to you on level 6 of the Lair of Beasts)

   Spells                             Type                      Level
   a - Throw Frost                    Conjuration/Ice              2
   b - Ensorcelled Hibernation        Hexes/Ice                    2
   c - Condensation Shield            Ice                          4
   d - Freezing Cloud                 Conjuration/Ice/Air          6
   e - Ozocubu's Refrigeration        Ice                          6
 X - Sif Muna's Reference Book on Creative Cold
   (Sif Muna gifted it to you on level 7 of the Lair of Beasts)

   Spells                             Type                      Level
   a - Freeze                         Ice                          1
   b - Summon Butterflies             Summoning                    1
   c - Ozocubu's Armour               Charms/Ice                   3
   d - Call Canine Familiar           Summoning                    3
   e - Ozocubu's Refrigeration        Ice                          6
   f - Simulacrum                     Ice/Necromancy               6
Comestibles
 c - 5 bread rations
 H - 5 royal jellies


   Skills:
 + Level 6.6 Fighting
 + Level 9.1 Staves
 + Level 0.7 Throwing
 + Level 11.8 Dodging
 + Level 7.3 Stealth
 + Level 16.0 Spellcasting
 + Level 6.7 Conjurations
 + Level 1.2 Hexes
 - Level 4.0 Charms
 + Level 2.1 Summonings
 + Level 1.2 Necromancy
 + Level 0.7 Transmutations
 + Level 13.8 Ice Magic
 + Level 0.5 Air Magic


You had 5 spell levels left.
You knew the following spells:

 Your Spells              Type           Power        Failure   Level  Hunger
a - Freeze                Ice            ####         0%          1    None
c - Summon Ice Beast      Ice/Summ       #######.     1%          4    None
d - Throw Icicle          Conj/Ice       ########     1%          4    None
e - Ozocubu's Armour      Chrm/Ice       #######.     1%          3    None
f - Condensation Shield   Ice            ########..   1%          4    None
g - Summon Lightning Spi  Summ/Air       ######..     4%          4    None
h - Summon Guardian Gole  Hex/Summ       ######..     4%          4    None
i - Ice Form              Ice/Trmt       #######.     1%          4    None
j - Regeneration          Chrm/Necr      ######....   1%          3    None
k - Repel Missiles        Chrm/Air       ######       1%          2    None
l - Ensorcelled Hibernat  Hex/Ice        ######       1%          2    None
m - Freezing Cloud        Conj/Ice/Air   #######...   4%          6    None


Dungeon Overview and Level Annotations

Branches:
Dungeon (12/15)            Temple (0/1) D:4            Lair (8/8) D:10
 Shoals (0/5) Lair:6       Spider (0/5) Lair:4        Slime (0/6) Lair:8
    Orc (4/4) D:11            Elf (0/3) Orc:4

Altars:
Nemelex Xobeh
Sif Muna
Trog
Vehumet
Beogh
Jiyva

Shops:
Orc:2 ?   Orc:4 (*[:


Message History

Confirm with . or Enter, or press ? or * to list all spells.
You feel a surge of power!
Your skin crawls.
The crystal guardian fires a crystalline bolt at you.
The crystal bolt misses you.
Casting: Regeneration
Confirm with . or Enter, or press ? or * to list all spells.
Okay, then.
Read which item? (? for menu, Esc to quit)
Okay, then.
Evoke which item? (* to show all) (? for menu, Esc to quit)
Zapping:
o - a wand of teleportation (6)
Press: ? - help, Shift-Dir - straight line, f - you, p - crystal guardian You feel strangely unstable.
This wand has 5 charges left.
You are engulfed in freezing vapours.
You resist. The crystal guardian misses you.
The crystal guardian fires a crystalline bolt at you.
The crystal bolt burns the crystal guardian.
The crystal guardian completely resists.
The crystal bolt burns you!
You die...

#..)..# #.#<. #....(# #.#.# #
#.....########### #.#.# #
#.....#.........). #.#.. ##
#.....#........... ###.###
.######.....#........... #......
.......................># #.#.###
...####...≈≈≈≈≈≈§≈≈≈≈≈≈# #.#....
...# #.#.≈#####@#####≈####.#####
...# #.#.≈#####8#####≈..........
..## #.##≈#....8?...#≈.###(#####
#.## ##.##≈#.....)...#≈. #.# #..#
#....≈#.../.....#≈# #(# ##.#
#....≈#......[.!#≈# #.#
##.###....≈#.......?.#≈# #(#
##..###.#.≈#[.....$!.#≈####†#
###.###.##≈#$$$?).$..#≈.....#####


You could see 2 crystal guardians.

Vanquished Creatures
  Donald (Orc:3)
  Maud (Lair:7)
  A stone giant (Orc:4)
  The ghost of Thumbquat the Fighter, a powerful OgBe of Trog (Lair:2)
  Snorg (Lair:6)
  A fire dragon (Lair:8)
  3 hydras
  Erica (Orc:4)
  A catoblepas (Lair:4)
  10 death yaks
  An orc high priest (Orc:4)
  3 orc knights (Orc:4)
  An unseen horror (D:11)
  A hill giant (D:11)
  7 orc sorcerers
  A wolf spider (Lair:4)
  2 cyclopes (D:12)
  8 black mambas
  Maurice (D:12)
  6 elephants (Lair:2)
  Joseph (D:9)
  A torpor snail (Lair:5)
  An orange crystal statue (D:12)
  6 fire drakes
  12 spiny frogs
  10 komodo dragons
  A queen bee (D:9)
  A red devil (Orc:2)
  2 trolls
  A freezing wraith (D:11)
  9 polar bears (Lair:8)
  Grinder (D:4)
  2 two-headed ogres
  25 blink frogs
  A boulder beetle (Lair:5)
  2 raiju (Lair:8)
  2 flying skulls (Volcano)
  4 basilisks
  A trapdoor spider (D:11)
  2 wraiths
  A redback (Lair:4)
  2 steam dragons (Lair:8)
  53 yaks
  5 wyverns
  A vampire (Volcano)
  11 wargs
  3 hungry ghosts
  Menkaure (D:4)
  4 hippogriffs
  4 hell hounds (Lair:8)
  15 wolves
  A spider (Lair:4)
  A sky beast (D:5)
  6 porcupines
  5 ice beasts
  A swamp drake (Lair:8)
  11 ogres
  2 phantoms
  29 orc warriors
  14 black bears
  12 water moccasins
  An eye of draining (D:11)
  20 crocodiles
  6 centaurs
  Sigmund (D:3)
  Blork the orc (D:8)
  14 giant frogs
  A gnoll sergeant (D:10)
  4 scorpions
  40 killer bees
  4 wights (D:11)
  2 centaur zombies
  A vampire bat (Lair:7)
  4 crimson imps
  3 goliath beetles
  A wasp zombie (D:10)
  A giant frog skeleton (D:12)
  24 hounds
  2 quasits
  2 jellies
  2 giant frog zombies
  2 gnoll shamans (Orc:4)
  7 centaur skeletons
  14 orc priests
  18 orc wizards
  Natasha (twice) (D:6)
  11 iguanas
  5 hell rats (Lair:5)
  6 worker ants
  20 sheep
  8 ogre zombies (D:11)
  4 mummies
  A worker ant zombie (D:11)
  A hound skeleton (D:11)
  13 gnolls
  34 river rats
  21 adders
  A giant mite (D:6)
  2 worms (D:2)
  9 adder skeletons
  An adder zombie (D:5)
  5 giant geckos
  149 orcs
  A ball python (D:1)
  14 bats
  2 bat skeletons (D:2)
  A bat zombie (D:8)
  16 goblins
  25 hobgoblins
  15 kobolds
  11 quokkas
  11 giant cockroaches
  A giant cockroach zombie (D:5)
  2 giant gecko skeletons
  2 giant newts
  A giant spore (D:7)
  5 goblin skeletons (D:11)
  2 goblin zombies (D:11)
  A hobgoblin skeleton (D:11)
  3 hobgoblin zombies (D:11)
  15 jackals
  2 jackal skeletons
  4 orc skeletons (D:11)
  10 orc zombies (D:11)
  A quokka skeleton (D:2)
  12 rats
  4 ballistomycetes (D:7)
  6 fungi
  3 plants
957 creatures vanquished.

Vanquished Creatures (collateral kills)
  An orc warlord (Orc:4)
  A hydra (Lair:7)
  2 oklob plants (Lair:6)
  An ice beast (Lair:7)
  2 yaks (Lair:7)
  A sky beast (D:7)
  An orc warrior (D:6)
  An ogre (D:7)
  A crocodile (Lair:7)
  A plant (Lair:6)
12 creatures vanquished.

Vanquished Creatures (others)
  4 guardian golems
  4 ice beasts
  A lightning spire (Lair:7)
  An orc (Orc:2)
  3 fungi
  2 plants (Lair:8)
15 creatures vanquished.

Grand Total: 984 creatures vanquished

Notes
Turn   | Place    | Note
--------------------------------------------------------------
     0 | D:1      | Fusha, the High Elf Ice Elementalist, began the quest for the Orb.
     0 | D:1      | Reached XP level 1. HP: 11/11 MP: 4/4
   323 | D:1      | Reached XP level 2. HP: 17/17 MP: 3/6
   914 | D:2      | Found a deep blue altar of Sif Muna.
   917 | D:2      | Became a worshipper of Sif Muna the Loreminder
  1007 | D:2      | Learned a level 2 spell: Throw Frost
  1132 | D:2      | Reached XP level 3. HP: 16/21 MP: 10/10
  1874 | D:2      | Reached XP level 4. HP: 27/27 MP: 4/12
  2281 | D:3      | Noticed Sigmund
  2299 | D:3      | Killed Sigmund
  2299 | D:3      | Reached skill level 4 in Spellcasting
  2299 | D:3      | Reached XP level 5. HP: 30/32 MP: 13/16
  2304 | D:3      | Learned a level 3 spell: Ozocubu's Armour
  2860 | D:4      | Noticed Menkaure
  2878 | D:4      | Killed Menkaure
  2878 | D:4      | Acquired Sif Muna's first power
  2878 | D:4      | Reached XP level 6. HP: 10/37 MP: 18/18
  3296 | D:4      | Learned a level 4 spell: Throw Icicle
  3301 | D:4      | Learned a level 4 spell: Summon Ice Beast
  3376 | D:4      | Found a staircase to the Ecumenical Temple.
  3382 | D:4      | Reached skill level 5 in Spellcasting
  3422 | D:4      | Noticed Grinder
  3435 | D:4      | Killed Grinder
  3435 | D:4      | Reached skill level 1 in Fighting
  3435 | D:4      | Reached skill level 5 in Ice Magic
  3435 | D:4      | Reached XP level 7. HP: 37/43 MP: 22/22
  3748 | D:5      | Entered Level 5 of the Dungeon
  3954 | D:5      | Reached skill level 6 in Spellcasting
  4085 | D:5      | Acquired Sif Muna's second power
  4139 | D:5      | Reached XP level 8. HP: 44/48 MP: 23/24
  4265 | D:5      | Reached skill level 1 in Staves
  4389 | D:5      | Found a bloodstained altar of Trog.
  4389 | D:5      | Found a radiant altar of Vehumet.
  4464 | D:5      | Learned a level 4 spell: Condensation Shield
  4693 | D:6      | Found a sparkling altar of Nemelex Xobeh.
  4710 | D:6      | Noticed Natasha
  4712 | D:6      | Killed Natasha
  4733 | D:6      | Got a heavily runed iron ring
  4735 | D:6      | Identified the ring "Ophejir" {rElec rF- Int+4 Slay+6} (You found it on level 6 of the Dungeon)
  4901 | D:6      | Noticed Natasha
  4911 | D:6      | Killed Natasha
  4978 | D:6      | Reached skill level 7 in Spellcasting
  5426 | D:6      | HP: 1/50 [the Majin-Bo (2)]
  5686 | D:7      | Reached XP level 9. HP: 49/54 MP: 25/27
  5691 | D:7      | Reached skill level 8 in Spellcasting
  5734 | D:7      | Reached skill level 5 in Dodging
  6103 | D:8      | Noticed Blork the orc
  6110 | D:8      | Killed Blork the orc
  6110 | D:8      | Acquired Sif Muna's third power
  6132 | D:8      | Reached skill level 9 in Spellcasting
  6630 | D:8      | Reached XP level 10. HP: 62/62 MP: 28/30
  7183 | D:9      | Noticed Joseph
  7191 | D:9      | Killed Joseph
  7249 | D:9      | Reached skill level 10 in Spellcasting
  7299 | D:9      | Reached skill level 5 in Stealth
  8000 | D:10     | Entered Level 10 of the Dungeon
  8068 | D:10     | Reached skill level 1 in Charms
  8259 | D:10     | Found a staircase to the Lair.
  8273 | D:10     | Learned a level 4 spell: Summon Lightning Spire
  8282 | D:10     | Learned a level 4 spell: Summon Guardian Golem
  8757 | Lair:1   | Entered Level 1 of the Lair of Beasts
  8757 | Lair:1   | Noticed a black mamba
  8768 | Lair:1   | Killed a black mamba
  8768 | Lair:1   | Reached XP level 11. HP: 49/68 MP: 12/32
  8914 | Lair:1   | Reached skill level 11 in Spellcasting
  8931 | Lair:1   | Received a gift from Sif Muna
  8938 | Lair:1   | Learned a level 4 spell: Ice Form
  9774 | Lair:2   | Reached skill level 10 in Ice Magic
  9784 | Lair:2   | Reached skill level 5 in Conjurations
  9899 | Lair:2   | Reached skill level 5 in Staves
 10066 | Lair:2   | Found a dark tunnel.
 10075 | Volcano  | Entered a volcano
 10218 | Volcano  | Reached skill level 12 in Spellcasting
 10810 | Lair:2   | Noticed Thumbquat's ghost (powerful OgBe)
 10818 | Lair:2   | Killed Thumbquat's ghost
 11266 | Lair:3   | Noticed a six-headed hydra
 11283 | Lair:3   | Killed a six-headed hydra
 11283 | Lair:3   | Reached XP level 12. HP: 50/75 MP: 2/34
 11488 | Lair:3   | Received a gift from Sif Muna
 11489 | Lair:3   | Identified Sif Muna's Guide on Protection (Sif Muna gifted it to you on level 3 of the Lair of Beasts)
 11494 | Lair:3   | Learned a level 3 spell: Regeneration
 11497 | Lair:3   | Learned a level 2 spell: Repel Missiles
 11893 | Lair:4   | Noticed a catoblepas
 11904 | Lair:4   | Killed a catoblepas
 12357 | Lair:4   | Found a hole to the Spider Nest.
 12698 | Lair:4   | Reached skill level 5 in Fighting
 12703 | Lair:4   | Reached skill level 13 in Spellcasting
 13177 | Lair:5   | Reached XP level 13. HP: 82/82 MP: 34/36
 13975 | Lair:6   | Found a staircase to the Shoals.
 14028 | Lair:6   | Received a gift from Sif Muna
 14029 | Lair:6   | Identified Sif Muna's Papyrus of Harmful Cold (Sif Muna gifted it to you on level 6 of the Lair of Beasts)
 14033 | Lair:6   | Learned a level 2 spell: Ensorcelled Hibernation
 14119 | Lair:6   | Noticed Snorg
 14126 | Lair:6   | Killed Snorg
 14126 | Lair:6   | Reached skill level 14 in Spellcasting
 14250 | Lair:6   | Reached skill level 1 in Summonings
 15564 | Lair:7   | Noticed Maud
 15573 | Lair:7   | Killed Maud
 15573 | Lair:7   | Received a gift from Sif Muna
 15574 | Lair:7   | Identified Sif Muna's Reference Book on Creative Cold (Sif Muna gifted it to you on level 7 of the Lair of Beasts)
 16152 | Lair:8   | Entered Level 8 of the Lair of Beasts
 16196 | Lair:8   | Reached skill level 10 in Dodging
 16337 | Lair:8   | Found a viscous altar of Jiyva.
 16337 | Lair:8   | Found a staircase to the Slime Pits.
 16640 | Lair:8   | Reached XP level 14. HP: 56/89 MP: 25/37
 16887 | Lair:8   | Reached skill level 15 in Spellcasting
 16903 | Lair:8   | Learned a level 6 spell: Freezing Cloud
 16965 | Lair:8   | Reached skill level 1 in Necromancy
 18577 | D:11     | Found a staircase to the Orcish Mines.
 19063 | D:11     | Found a roughly hewn altar of Beogh.
 19264 | Orc:1    | Entered Level 1 of the Orcish Mines
 19617 | Orc:2    | Found Riomm's Magic Scroll Shoppe.
 19626 | Orc:2    | Bought a scroll of enchant weapon for 75 gold pieces
 19626 | Orc:2    | Bought a scroll of blinking for 75 gold pieces
 20629 | Orc:3    | Noticed Donald
 20644 | Orc:3    | Killed Donald
 20991 | Orc:4    | Entered Level 4 of the Orcish Mines
 21023 | Orc:4    | Found Shuryhah's Antique Weapon Emporium.
 21188 | Orc:4    | Found Kloiroyl's General Store.
 21220 | Orc:4    | Bought a scroll of holy word for 90 gold pieces
 21242 | Orc:4    | Noticed an orc warlord
 21462 | Orc:4    | Killed an orc warlord
 21462 | Orc:4    | Received a gift from Sif Muna
 21462 | Orc:4    | Reached XP level 15. HP: 76/95 MP: 12/39
 21606 | Orc:4    | Reached skill level 1 in Hexes
 21617 | Orc:4    | Found Uhaysimi's Antique Armour Emporium.
 21625 | Orc:4    | Found a staircase to the Elven Halls.
 21628 | Orc:4    | Bought a pair of glowing gloves for 126 gold pieces
 21713 | Orc:4    | Found Jyra's Book Boutique.
 21939 | Orc:4    | Noticed Erica
 21944 | Orc:4    | Killed Erica
 22452 | D:12     | Noticed Maurice
 22454 | D:12     | Killed Maurice
 22767 | D:12     | Reached skill level 16 in Spellcasting
 22828 | D:12     | Found a runed door.
 22863 | D:12     | Killed from afar by a crystal guardian

Action                   |  1- 3 |  4- 6 |  7- 9 | 10-12 | 13-15 || total
-------------------------+-------+-------+-------+-------+-------++-------
Melee: Club              |    21 |       |       |       |       ||    21
       Unarmed           |     4 |       |       |    24 |    17 ||    45
       Flail             |    33 |     9 |       |       |       ||    42
       Quarterstaff      |       |     9 |   141 |   427 |   909 ||  1486
Throw: Stone             |    23 |       |       |       |       ||    23
 Cast: Freeze            |    38 |    35 |    91 |    28 |    23 ||   215
       Throw Frost       |     6 |    19 |   103 |    89 |    18 ||   235
       Summon Ice Beast  |       |     1 |     4 |       |    16 ||    21
       Condensation Shie |       |       |     4 |    44 |    73 ||   121
       Ozocubu's Armour  |       |       |     4 |    40 |    69 ||   113
       Throw Icicle      |       |       |       |    53 |   177 ||   230
       Ice Form          |       |       |       |     3 |     3 ||     6
       Regeneration      |       |       |       |     2 |    19 ||    21
       Repel Missiles    |       |       |       |     1 |     1 ||     2
       Summon Guardian G |       |       |       |       |     6 ||     6
       Summon Lightning  |       |       |       |       |     1 ||     1
       Freezing Cloud    |       |       |       |       |    13 ||    13
 Abil: End Transformatio |       |       |       |     2 |     3 ||     5
Evoke: Wand              |       |       |       |     2 |     2 ||     4
  Use: Potion            |     1 |     2 |       |       |     1 ||     4
       Scroll            |       |     2 |    15 |    14 |    11 ||    42
 Stab: Sleeping          |       |     2 |     8 |    12 |    14 ||    36
       Distracted        |       |       |       |       |     1 ||     1
       Fleeing           |       |       |       |       |     1 ||     1
  Eat: Bread ration      |     1 |     1 |       |       |     1 ||     3
       Pizza             |       |     1 |       |     1 |     1 ||     3
       Meat ration       |       |     1 |     2 |     3 |     3 ||     9
       Fruit             |       |       |     3 |       |       ||     3
       Royal jelly       |       |       |       |     4 |    12 ||    16
       Beef jerky        |       |       |       |     2 |       ||     2
